 Dungeon Crawl Stone Soup version 0.29.1-1-gd02db6906a (webtiles) character file.

Game seed: 9937136868880493956

68186 unlimited1921 the Eclecticist (level 15, -4/87 HPs)
             Began as a Djinni Fire Elementalist on Oct 9, 2022.
             Was an Initiate of Gozag.
             Slain by a tengu warrior
             ... wielding a +0 great sword
              (10 damage)
             ... while petrified by a basilisk
             ... on level 15 of the Dungeon.
             The game lasted 03:19:18 (28819 turns).

unlimited1921 the Eclecticist (DjFE)               Turns: 28819, Time: 03:19:18

Health: -4/87      AC: 10    Str:  6    XL:     15   Next: 69%
Gold:   2783       EV:  2    Int: 26    God:    Gozag SH:  0 Dex: 23

rFire   + + +      SeeInvis .   H - +9 scimitar
rCold   x . .      Faith    .   l - +0 tower shield
rNeg    + + +      Spirit   .   W - +4 robe of Augmentation {Str+4 Int+4 Dex+4}
rPois   ∞          Reflect  .   V - +2 helmet
rElec   +          Harm     +   a - +0 cloak
rCorr   .          Rampage  .   (no gloves)
Will    +....      Rage     3%  (boots unavailable)
Stlth   ++++......              C - amulet of Byt Ixuy {Harm rElec Regen+ Str-4}
HPRegen 1.04/turn               z - ring of protection from fire
MPRegen 0.00/turn               (no ring)

@: petrified, gold aura, flying
A: sickness immunity, fire resistance 2, cold vulnerability 1, float, innate
caster, HP casting, extra vitality 1, agile 1, berserk 1
a: Renounce Religion, Potion Petition, Call Merchant, Bribe Branch


You were on level 15 of the Dungeon.
You worshipped Gozag.
Gozag was most pleased with you.
You visited 4 branches of the dungeon, and saw 19 of its levels.

You collected 5454 gold pieces.
You spent 2134 gold pieces at shops.
You paid 537 gold pieces to Gozag.

Inventory:

Hand Weapons
 b - a +0 flail of protection
 f - a +0 whip of freezing
 H - a +9 scimitar (weapon)
 K - a +5 trident
 Z - a +1 long sword of holy wrath
Missiles
 B - 10 poisoned darts
 D - 7 javelins
 E - 3 throwing nets
Armour
 a - a +0 cloak (worn)
 l - a +0 tower shield (worn)
 o - a +1 leather armour of cold resistance
 w - a +4 scale mail
 x - a +0 robe of positive energy
 L - the +7 chain mail "Othusoum" {+Blink rC+ Will+}
   (You found it on level 1 of the Elven Halls)

   rC:        It protects you from cold.
   +Blink:    It lets you blink.
   Will:      It increases your willpower.
 V - a +2 helmet (worn)
 W - the +4 robe of Augmentation (worn) {Str+4 Int+4 Dex+4}
   (You bought it in a shop on level 3 of the Dungeon)

   Str:       It affects your strength (+4).
   Int:       It affects your intelligence (+4).
   Dex:       It affects your dexterity (+4).
Jewellery
 z - a ring of protection from fire (left hand)
 C - the amulet of Byt Ixuy (around neck) {Harm rElec Regen+ Str-4}
   (You found it on level 8 of the Dungeon)

   [amulet of regeneration]

   Str:       It affects your strength (-4).
   rElec:     It insulates you from electricity.
   Regen:     It increases your rate of health regeneration.
   Harm:      It increases damage dealt and taken.
Wands
 q - a wand of paralysis (10) (quivered)
 r - a wand of flame (31)
 A - a wand of acid (7)
 O - a wand of iceblast (3)
 R - a wand of polymorph (2)
Scrolls
 d - 3 scrolls of butterflies
 h - 2 scrolls of enchant armour {unknown}
 i - a scroll of acquirement
 m - 4 scrolls of teleportation
 p - 2 scrolls of summoning
 s - 2 scrolls of fear
 u - 4 scrolls of immolation {unknown}
 y - a scroll of blinking
 I - a scroll of identify
 M - a scroll of enchant weapon
 P - 3 scrolls of magic mapping {unknown}
 Q - a scroll of silence {unknown}
 T - 2 scrolls of poison {unknown}
 U - 2 scrolls of noise {unknown}
 Y - 3 scrolls of vulnerability {unknown}
Potions
 c - 10 potions of lignification
 e - 2 potions of resistance {unknown}
 g - a potion of degeneration {unknown}
 j - 5 potions of curing
 k - 3 potions of heal wounds
 n - 2 potions of cancellation
 t - a potion of invisibility {unknown}
 v - 2 potions of mutation
 F - a potion of might
 J - 2 potions of brilliance {unknown}
 N - 2 potions of ambrosia {unknown}
Miscellaneous
 G - a lightning rod (4/4)
 X - a piece from Xom's chessboard (15/15)


   Skills:
 + Level 1.3 Fighting
 + Level 3.0 Long Blades
 + Level 4.8 Dodging
 * Level 6.2 Stealth
 - Level 11.0 Shields
 + Level 17.2 Spellcasting
 * Level 5.1 Evocations


You had 9 spell levels left.
You knew the following spells:

 Your Spells              Type           Power      Damage    Failure   Level
a - Foxfire               Conj/Fire      100%       2x1d9     0%          1
b - Scorch                Fire           100%       2d10      0%          2
c - Conjure Flame         Conj/Fire      84%        6-21      1%          3
d - Inner Flame           Hex/Fire       84%        N/A       1%          3
e - Flame Wave            Conj/Fire      84%        2d18      1%          4
f - Shock                 Conj/Air       100%       1d9       0%          1
g - Static Discharge      Conj/Air       84%        3-14/arc  0%          2
h - Mephitic Cloud        Conj/Pois/Air  84%        N/A       1%          3
i - Olgreb's Toxic Radia  Pois           84%        N/A       1%          4
j - Irradiate             Conj/Tmut      42%        3d25      1%          5
k - Borgnjor's Vile Clut  Necr/Erth      42%        N/A       1%          5
l - Dispersal             Tloc           42%        N/A       1%          6
Your spell library was empty.

Dungeon Overview and Level Annotations

Branches:
Dungeon (15/15)            Temple (1/1) D:7            Lair (0/5) D:11
    Orc (2/2) D:10            Elf (1/3) Orc:2        Vaults (0/5) D:13
 Depths: D:15

Altars:
Ashenzari
Cheibriados
Dithmenos
Elyvilon
Fedhas
Gozag
Hepliaklqana
Makhleb
Nemelex Xobeh
Okawaru
Qazlal
Ru
Trog
Uskayaw
Wu Jian
Xom
Yredelemnul
Zin
The Shining One

Shops:
D:3 [   D:6 (   Orc:2 (([[*

Annotations:
D:9 exclusions: obsidian statue and orange crystal statue
Elf:1 3 runed translucent doors


Innate Abilities, Weirdness & Mutations

You are immune to sickness and miasma.
You are immune to poison.
Your flesh is very heat resistant. (rF++)
You are vulnerable to cold. (rC-)
You float through the air rather than walking.
You learn spells naturally, not from books.
Your magical power is your life essence.
You have superior vitality. (+4 MHP)
You are agile. (Dex +4, Str/Int -1)
You sometimes lose your temper in combat.


Message History

The tengu warrior claws you but does no damage.
The boulder beetle hits you!!
The boulder beetle stops rolling and uncurls.
The cyan ugly thing punches you. The cyan ugly thing shocks you. You resist.
You hear a shout! x4
The centaur warrior seems less confused.
The boulder beetle leaps!
The cyan ugly thing punches you. The cyan ugly thing shocks you. You resist.
A centaur warrior comes into view.
The tengu warrior hits you with a +0 great sword!
The tengu warrior pecks you.
The tengu warrior claws you but does no damage.
The centaur warrior barely misses something.
The centaur warrior completely misses something.
The tengu warrior hits you with a +0 war axe!
The tengu warrior pecks you but does no damage.
The tengu warrior claws you.
* * * LOW HITPOINT WARNING * * *
The cyan ugly thing punches you.
* * * LOW HITPOINT WARNING * * *
The cyan ugly thing shocks you. You resist.
* * * LOW HITPOINT WARNING * * *
The boulder beetle looks more healthy.
The tengu warrior hits you with a +0 great sword!
* * * LOW HITPOINT WARNING * * *
The tengu warrior pecks you but does no damage.
The tengu warrior claws you but does no damage.
The tengu warrior hits you with a +0 war axe.
* * * LOW HITPOINT WARNING * * *
The tengu warrior pecks you.
* * * LOW HITPOINT WARNING * * *
The tengu warrior claws you but does no damage.
The cyan ugly thing punches you.
* * * LOW HITPOINT WARNING * * *
The cyan ugly thing shocks you. You resist.
* * * LOW HITPOINT WARNING * * *
The boulder beetle curls into a ball and begins rolling!
The tengu warrior hits you with a +0 great sword!
You die...
Your body crumbles into a pile of gold.

..##....##C≈.○☼
........§$§Z~○☼
........§§§.~c~
........§§.....
...............
.......c.......
B....$.uQ......
..!....@Q....$.
..$###.#.#.##..
#.. #.. ##.
#... ## ##.# #


You could see a boulder beetle (rolling), a cyan ugly thing (very poisoned), 2
tengu warriors, 2 centaur warriors, a cyclops (wandering) and a wolf spider
simulacrum.

Vanquished Creatures
  An orc warlord (Orc:1)
  Azrael (D:13)
  2 deep elf death magi (Elf:1)
  3 hydras
  Erolcha (D:11)
  8 vault guards (D:13)
  2 centaur warriors
  11 two-headed ogres
  A boulder beetle (D:14)
  4 ogre magi (Orc:2)
  A dancing weapon (Elf:1)
  A satyr (shapeshifter) (D:13)
  6 tengu warriors
  3 deep elf knights (Elf:1)
  Lodul (D:14)
  Pikel (D:5)
  8 deep elf archers (Elf:1)
  10 deep elf zephyrmancers (Elf:1)
  13 deep elf pyromancers (Elf:1)
  3 orc knights
  5 ugly things
  An elephant (D:11)
  2 cyclopes
  Maurice (D:9)
  An ice statue (D:10)
  An efreet (D:13)
  7 ice devils (D:10)
  7 trolls
  A wolf spider simulacrum (D:14)
  A hornet (D:9)
  A hornet (shapeshifter) (D:13)
  4 polar bears (D:14)
  5 slime creatures
  2 centaur simulacra
  2 shadows
  A wraith (D:10)
  15 yaks
  2 vampires
  2 fire elementals
  2 wyverns
  2 basilisks (D:15)
  3 steam dragons
  5 vampire mosquitoes
  7 wargs
  Menkaure (D:4)
  3 hell hounds (D:13)
  2 water moccasins (D:9)
  19 orc warriors
  6 black bears
  A sky beast (D:7)
  5 ice beasts
  34 ogres
  6 centaurs
  A phantom (D:4)
  A lemure (D:5)
  3 bullfrogs
  3 gnoll sergeants
  2 necrophages
  3 scorpions (D:6)
  9 wights
  12 killer bees
  4 howler monkeys
  3 jellies
  2 gnoll boudas
  15 orc priests
  3 hounds
  Natasha (thrice) (D:4)
  3 iguanas
  23 orc wizards
  Robin (D:4)
  5 adders
  18 gnolls
  3 shadow imps
  2 white imps
  10 ufetubi
  2 worms
  3 dart slugs
  65 orcs
  5 ball pythons
  7 bats
  8 endoplasms
  3 giant cockroaches
  11 hobgoblins
  6 jackals
  4 kobolds
  3 quokkas
  3 training dummies (D:6)
  8 frilled lizards
  13 goblins
  4 rats
  3 bushes (D:4)
515 creatures vanquished.

Vanquished Creatures (collateral kills)
  8 foxfires
8 creatures vanquished.

Vanquished Creatures (others)
  A human (D:6)
  968 foxfires
  3 plants (D:11)
972 creatures vanquished.

Grand Total: 1495 creatures vanquished

Notes
Turn   | Place    | Note
-------+----------+-------------------------------------------
     0 | D:1      | unlimited1921 the Djinni Fire Elementalist began the quest
                  | for the Orb.
     0 | D:1      | unlimited1921 set off with the following spells memorised:
                  | Foxfire, Scorch, Conjure Flame, Inner Flame, Flame Wave.
     0 | D:1      | Reached XP level 1. HP: 15/15 MP: 0/0
   405 | D:1      | Reached XP level 2. HP: 17/21 MP: 0/0
  1240 | D:1      | Reached skill level 3 in Spellcasting
  1354 | D:1      | Reached XP level 3. HP: 19/25 MP: 0/0
  1354 | D:1      | Learned a level 1 spell: Shock
  1791 | D:1      | Found a faded altar of an unknown god.
  3084 | D:2      | Reached XP level 4. HP: 27/31 MP: 0/0
  4545 | D:3      | Found Setixt's Armour Shop.
  4577 | D:3      | Reached XP level 5. HP: 12/35 MP: 0/0
  4577 | D:3      | Learned a level 2 spell: Static Discharge
  4789 | D:3      | Reached skill level 4 in Spellcasting
  5202 | D:3      | Noticed an ogre
  5206 | D:3      | Killed an ogre
  5207 | D:3      | Reached XP level 6. HP: 33/40 MP: 0/0
  7332 | D:4      | Noticed Menkaure
  7338 | D:4      | Killed Menkaure
  7339 | D:4      | Reached skill level 1 in Shields
  7339 | D:4      | Reached skill level 5 in Spellcasting
  7603 | D:4      | Reached XP level 7. HP: 14/45 MP: 0/0
  7603 | D:4      | Learned a level 3 spell: Mephitic Cloud
  8088 | D:4      | Noticed Natasha
  8095 | D:4      | Killed Natasha
  8162 | D:4      | Noticed Natasha
  8171 | D:4      | Killed Natasha
  8291 | D:4      | Noticed Natasha
  8294 | D:4      | Killed Natasha
  8853 | D:4      | Found a stormy altar of Qazlal.
  8961 | D:4      | Noticed Robin
  8964 | D:4      | Killed Robin
  9514 | D:5      | Entered Level 5 of the Dungeon
  9520 | D:5      | Noticed Pikel
  9521 | D:5      | Killed Pikel
  9522 | D:5      | Reached skill level 6 in Spellcasting
  9522 | D:5      | Reached XP level 8. HP: 41/51 MP: 0/0
  9860 | D:5      | Found a white marble altar of Elyvilon.
 10073 | D:5      | Reached skill level 7 in Spellcasting
 10074 | D:5      | Reached XP level 9. HP: 19/56 MP: 0/0
 10074 | D:5      | Learned a level 4 spell: Olgreb's Toxic Radiance
 10585 | D:5      | Found a snail-covered altar of Cheibriados.
 10862 | D:5      | Found an iron altar of Okawaru.
 10862 | D:5      | Found a hide-covered altar of Uskayaw.
 12013 | D:6      | Found Etejiwn's Firing Range.
 12247 | D:6      | Reached skill level 8 in Spellcasting
 12409 | D:6      | Reached skill level 5 in Shields
 13675 | D:7      | Reached XP level 10. HP: 24/61 MP: 0/0
 13866 | D:6      | Reached skill level 9 in Spellcasting
 14481 | D:7      | Found a staircase to the Ecumenical Temple.
 14502 | Temple   | Entered the Ecumenical Temple
 14527 | Temple   | Became a worshipper of Gozag Ym Sagoz the Greedy
 14725 | D:7      | Found a sacrificial altar of Ru.
 15505 | D:8      | Noticed a five-headed hydra
 15517 | D:8      | Killed a five-headed hydra
 15518 | D:8      | Reached skill level 10 in Spellcasting
 15793 | D:8      | Identified the amulet of Byt Ixuy {Harm rElec Regen+ Str-4}
 15803 | D:8      | Identified the +0 scale mail "Weiweic" {Rampage Str+2}
 16252 | D:8      | Found a shadowy altar of Dithmenos.
 16837 | D:9      | Noticed an orange crystal statue
 16841 | D:9      | Noticed a komodo dragon
 17139 | D:9      | Noticed an obsidian statue
 17156 | D:9      | Found a shimmering altar of Xom.
 17251 | D:9      | Reached XP level 11. HP: 66/66 MP: 0/0
 17251 | D:9      | Learned a level 5 spell: Irradiate
 17293 | D:9      | Noticed Maurice
 17301 | D:9      | Killed Maurice
 17325 | D:9      | Reached skill level 11 in Spellcasting
 18046 | D:10     | Entered Level 10 of the Dungeon
 18149 | D:10     | Found a staircase to the Orcish Mines.
 18312 | D:10     | Noticed a two-headed ogre
 18320 | D:10     | Killed a two-headed ogre
 18321 | D:10     | Reached skill level 12 in Spellcasting
 18527 | D:10     | Reached skill level 1 in Evocations
 18680 | D:10     | Reached XP level 12. HP: 54/71 MP: 0/0
 18884 | D:10     | Found a bloodstained altar of Trog.
 19499 | D:10     | Found a broken altar of Ashenzari.
 19599 | D:10     | Reached skill level 1 in Long Blades
 19910 | D:3      | Bought a +2 helmet for 198 gold pieces
 19910 | D:3      | Bought the +4 robe of Augmentation {Str+4 Int+4 Dex+4} for
                  | 634 gold pieces
 19910 | D:3      | Found the +4 robe of Augmentation {Str+4 Int+4 Dex+4}
 19946 | D:3      | Gained mutation: You sometimes lose your temper in combat.
                  | [potion of mutation]
 19946 | D:3      | Gained mutation: You are agile. (Dex +4, Str/Int -1)
                  | [potion of mutation]
 19949 | D:3      | Identified a scroll of acquirement
 20151 | Orc:1    | Entered Level 1 of the Orcish Mines
 20509 | Orc:2    | Entered Level 2 of the Orcish Mines
 20675 | Orc:2    | Noticed a two-headed ogre
 20679 | Orc:2    | Killed a two-headed ogre
 20696 | Orc:2    | Noticed a two-headed ogre
 20697 | Orc:2    | Noticed an ogre mage
 20706 | Orc:2    | Killed an ogre mage
 20707 | Orc:2    | Reached skill level 13 in Spellcasting
 20715 | Orc:2    | Killed a two-headed ogre
 20827 | Orc:2    | Noticed an ogre mage
 20827 | Orc:2    | Killed a two-headed ogre
 20828 | Orc:2    | Killed an ogre mage
 20828 | Orc:2    | Noticed a two-headed ogre
 20829 | Orc:2    | Killed a two-headed ogre
 20830 | Orc:2    | Reached XP level 13. HP: 50/76 MP: 0/0
 20830 | Orc:2    | Learned a level 5 spell: Borgnjor's Vile Clutch
 20833 | Orc:2    | Noticed an ogre mage
 20844 | Orc:2    | Killed an ogre mage
 20845 | Orc:2    | Reached skill level 14 in Spellcasting
 21202 | Orc:2    | Found Rorphei's Antique Weapon Boutique.
 21204 | Orc:2    | Noticed an ogre mage
 21208 | Orc:2    | Killed an ogre mage
 21440 | Orc:2    | Found Tuhiabru's Armour Shoppe.
 21440 | Orc:2    | Found Muir's Weapon Shop.
 21455 | Orc:2    | Found Juel's Assorted Antiques.
 21455 | Orc:2    | Found Guich's Antique Armour Shoppe.
 21569 | Orc:2    | Bought an embroidered scarf for 312 gold pieces
 21722 | Orc:2    | Bought a lightning rod (4/4) for 990 gold pieces
 21781 | Orc:2    | Found a staircase to the Elven Halls.
 21813 | Elf:1    | Entered Level 1 of the Elven Halls
 21848 | Elf:1    | Reached skill level 10 in Shields
 22085 | Elf:1    | Reached skill level 15 in Spellcasting
 22144 | Elf:1    | Identified the +7 chain mail "Othusoum" {+Blink rC+ Will+}
 22424 | Elf:1    | Found a runed translucent gate.
 22424 | Elf:1    | Found a runed translucent gate.
 22424 | Elf:1    | Found a runed translucent gate.
 22698 | Elf:1    | Noticed a deep elf death mage
 22700 | Elf:1    | Reached XP level 14. HP: 72/81 MP: 0/0
 23547 | Elf:1    | Reached skill level 16 in Spellcasting
 24026 | Orc:1    | Noticed an orc warlord
 24297 | Orc:1    | Killed an orc warlord
 24810 | D:11     | Noticed Erolcha
 24817 | D:11     | Killed Erolcha
 24864 | D:11     | Reached skill level 1 in Fighting
 24881 | D:11     | Found a staircase to the Lair.
 24975 | D:11     | Identified the +1 chain mail of Foolhardiness {Str+9}
 25817 | D:12     | Reached skill level 5 in Stealth
 26365 | D:13     | Noticed Azrael
 26472 | D:13     | Killed Azrael
 26594 | D:13     | Reached XP level 15. HP: 62/87 MP: 0/0
 26594 | D:13     | Learned a level 6 spell: Dispersal
 26794 | D:13     | Found a gate to the Vaults.
 27554 | D:14     | Reached skill level 17 in Spellcasting
 27614 | D:14     | Noticed Lodul
 27621 | D:14     | Killed Lodul
 27995 | D:14     | Reached skill level 5 in Evocations
 28807 | D:15     | Entered Level 15 of the Dungeon
 28819 | D:15     | Slain by a tengu warrior

Illustrated notes

Levels and vault maps discovered:
D:1:      onia_arrival_mini_spirals, layout_rooms,
          chequers_ecumenical_altar_island
D:2:      layout_rooms
D:3:      minmay_skewed_foursquare, layout_loops_corners, serial_shops,
          nicolae_square_shop, dreamdust_princess_corridor
D:4:      layout_basic, mainiacjoe_overflow_boulevard, uniq_menkaure,
          uniq_natasha, uniq_robin
D:5:      black_bear_nest_2, layout_basic, mainiacjoe_overflow_brackets,
          mainiacjoe_overflow_catch_the_wave, jmf_multi_god_temple, uniq_pikel
D:6:      layout_layer_cave, tgw_kikubaaqudgha, nicolae_shop_firing_range
D:7:      layout_rooms, lemuel_tele_altar, minmay_temple_entry_antechambers
D:8:      layout_rooms, nicolae_dithmenos_shadow_blocks
D:9:      minmay_separated_statues, layout_basic, lemuel_doored_altar,
          uniq_maurice
D:10:     cheibrodos_frozen_isle, layout_basic, mainiacjoe_overflow_24_doors,
          evilmike_ruin_ashenzari, orc_0_dummy, minmay_orc_keep
D:11:     layout_roguey, david_lair_generic, uniq_erolcha
D:12:     layout_gridville
D:13:     layout_roguey, erik_vaults_2, kb_rosetta, uniq_azrael
D:14:     layout_layer_cave, nicolae_benzene_ring, serial_ice, serial_ice_n,
          serial_ice_l, serial_ice_m, serial_ice_g,
          portal_ice_cave_entry_pillars_1, minmay_sticks_and_stones, uniq_lodul
D:15:     gammafunk_enter_depths_forms, layout_cross, grunt_decor_junction,
          serial_shops, shop, xom_confusion_cloud
Temple:   hellmonk_temple_micro_hex
Orc:1:    layout_caves
Orc:2:    st_orc_ogre_mass, layout_diamond_mine, serial_shops,
          nicolae_shop_behind_doors
Elf:1:    elf_arrival_001, layout_gridlike, minmay_elf_crystal_heptagon,
          minmay_misc_feat_cross, grunt_ministairs_14, nicolae_elf_hall_of_bonks

Skill      XL: |  1  2  3  4  5  6  7  8  9 10 11 12 13 14 15 |
---------------+----------------------------------------------+-----
Spellcasting   | 3 4 5 6 7 8 10 12 13 15 16 17 | 17.2
Stealth        | 2 3 4 5 6 |  6.2
Shields        | 1 3 4 5 6 7 9 10 11 | 11.0
Dodging        | 3 4 |  4.8
Evocations     | 1 3 5 |  5.1
Long Blades    | 1 2 3 |  3.0
Fighting       | 1 |  1.3

Action                   |  1- 3 |  4- 6 |  7- 9 | 10-12 | 13-15 || total
-------------------------+-------+-------+-------+-------+-------++-------
Melee: Scimitar          |       |       |       |     5 |    21 ||    26
 Cast: Foxfire           |    53 |    62 |    94 |   238 |   134 ||   581
       Scorch            |    14 |    19 |    28 |    39 |    27 ||   127
       Shock             |     1 |       |     3 |    29 |       ||    33
       Inner Flame       |       |    14 |    39 |   106 |    68 ||   227
       Mephitic Cloud    |       |       |    11 |    28 |    20 ||    59
       Olgreb's Toxic Ra |       |       |    30 |    44 |    63 ||   137
       Conjure Flame     |       |       |       |     4 |     2 ||     6
       Flame Wave        |       |       |       |     1 |       ||     1
       Irradiate         |       |       |       |     9 |    30 ||    39
       Borgnjor's Vile C |       |       |       |       |    61 ||    61
Invok: Potion Petition   |       |       |       |     1 |     1 ||     2
Evoke: Wand              |       |       |       |    13 |     2 ||    15
  Use: Scroll            |       |       |     4 |     8 |     3 ||    15
       Potion            |       |       |     1 |     5 |     1 ||     7
 Stab: Confused          |       |       |       |     1 |       ||     1
Armor: Robe              |       |       |       |     4 |    17 ||    21
Dodge: Dodged            |     1 |     6 |     5 |    11 |    28 ||    51
Block: Tower shield      |       |       |       |    20 |    92 ||   112
